 Dungeon Crawl Stone Soup version 0.28-a0-863-g8cecda6153 (webtiles) character file.

Game seed: 3469189283479524155

119 siradein the Grave Robber (level 4, -1/25 HPs)
             Began as a Vampire Necromancer on Nov 20, 2021.
             Slain by a gnoll (7 damage)
             ... on level 4 of the Dungeon.
             The game lasted 00:07:31 (3165 turns).

siradein the Grave Robber (Vampire Necromancer)     Turns: 3165, Time: 00:07:32

Health: -1/25      AC:  3    Str:  7    XL:     4   Next: 74%
Magic:  0/7        EV: 13    Int: 18    God:
Gold:   79         SH:  0    Dex: 14    Spells: 4/8 levels left

rFire   . . .      SeeInvis +     - Unarmed
rCold   + + .      Faith    .   (no shield)
rNeg    + + +      Spirit   .   a - +0 robe
rPois   ∞          Reflect  .   (no helmet)
rElec   .          Harm     .   (no cloak)
rCorr   .          Rampage  .   (no gloves)
Will    .....                   k - +0 pair of boots
Stlth   ++++......              (no amulet)
HPRegen 0.00/turn               (no ring)
MPRegen 0.10/turn               (no ring)

@: bloodless, inhibited regen
A: bloodless, fangs 3, see invisible, vampiric 2
a: Bat Form, Revivify


You were on level 4 of the Dungeon.
You visited 1 branch of the dungeon, and saw 4 of its levels.

You collected 79 gold pieces.

Inventory:

Missiles
 f - 7 boomerangs
 g - 2 curare-tipped darts
Armour
 a - a +0 robe (worn)
 k - a +0 pair of boots (worn)
Jewellery
 l - a ring of ice
Wands
 n - a wand of charming (10)
Scrolls
 h - a scroll of enchant weapon {unknown}
 i - a scroll of immolation {unknown}
 j - 2 scrolls of fear {unknown}
 m - a scroll of amnesia {unknown}
Potions
 b - a potion of ambrosia {unknown}
 c - a potion of magic {unknown}
 d - a potion of flight {unknown}
 e - a potion of berserk rage {unknown}
 o - a potion of haste {unknown}


   Skills:
 + Level 1.5 Fighting
 + Level 3.1 Dodging
 - Level 3.0 Stealth
 + Level 1.9 Unarmed Combat
 + Level 2.6 Spellcasting
 + Level 5.0 Necromancy


You had 4 spell levels left.
You knew the following spells:

 Your Spells              Type           Power      Damage    Failure   Level
a - Pain                  Necr           80%        1d8       2%          1
b - Vampiric Draining     Necr           20%        2d7       7%          3

Your spell library contained the following spells:

 Spells                   Type           Power      Damage    Failure   Level
 Animate Skeleton         Necr           40%        N/A       2%          1
 Animate Dead             Necr           10%        N/A       22%         4
 Agony                    Necr           20%        N/A       52%         5


Dungeon Overview and Level Annotations

Branches:
Dungeon (4/15)
 Temple: D:4-7

Altars:

Annotations:
D:3 Grinder


Innate Abilities, Weirdness & Mutations

You do not regenerate when monsters are visible.
You are frail without blood (-20% HP).
You can heal yourself when you bite living creatures.
You are immune to poison.
You have razor-sharp teeth.
You have supernaturally acute eyesight. (SInv)
You are afflicted with vampirism and can become a bat while bloodless.


Message History

You draw life force from the gnoll!
You feel life coursing into your body. The gnoll hits you with a +0 flail.
* * * LOW HITPOINT WARNING * * *
There is an open door here.
Aiming: Pain (safe; 2% risk of failure)
Press: ? - help, Q - select action, (/) - cycle Shift-Dir - straight line, f/p - gnoll
Aim: a gnoll, wielding a +0 flail (severely wounded, chance to affect: 85%)
The gnoll writhes in agony.
The gnoll hits you with a +0 flail.
* * * LOW HITPOINT WARNING * * *
The gnoll barely misses you.
A goblin opens the door.
The gnoll barely misses you.
Casting: Pain (safe; 2% risk of failure)
Confirm with . or Enter, or press ? or * to list all spells.
The spell is quite dangerous to cast (7% risk of failure)!
Continue anyway?
Aiming: Vampiric Draining (quite dangerous; 7% risk of failure)
Press: ? - help, Shift-Dir - straight line, f/p - gnoll
Aim: a gnoll, wielding a +0 flail (almost dead)
You draw life force from the gnoll.
You kill the gnoll!
You feel life coursing into your body.
Your Necromancy skill increases to level 5!
There is an open door here.
There is an open door here.
You see here a +0 flail.
Casting: Vampiric Draining (quite dangerous; 7% risk of failure)
Confirm with . or Enter, or press ? or * to list all spells.
The spell is quite dangerous to cast (7% risk of failure)!
Continue anyway?
Aiming: Vampiric Draining (quite dangerous; 7% risk of failure)
Press: ? - help, Shift-Dir - straight line, f - gnoll
Aim: a gnoll, wielding a +0 club You draw life force from the gnoll.
You feel life coursing into your body. The gnoll hits you but does no damage.
Aiming: Pain (safe; 2% risk of failure)
Press: ? - help, Q - select action, (/) - cycle Shift-Dir - straight line, f/p - gnoll
Aim: a gnoll, wielding a +0 club (heavily wounded, chance to affect: 85%)
The gnoll writhes in agony.
The gnoll hits you with a +0 club!
You die...

#........# ###
##.....#.######...
#............#.#
##..##.#.#......#
#...##.#.#.##.#.....
########.#.#)##.# ####
#...#..gg#.#.##.#
#...g#.#.#g##.#
#....#.#.#@##.#
#....'.#.#.##.#
#....#.#.#.##.#
######........#'##'#########
..........##.#...............
##......)....'.......########
#........##.#.......#######
#...................'.....#
#........##.#.......#####.#


You could see a gnoll.

Vanquished Creatures
  6 gnolls
  2 adders (D:2)
  2 dart slugs
  3 ball pythons
  5 endoplasms
  A giant cockroach (D:3)
  4 goblins
  2 hobgoblins
  4 kobolds
  A quokka (D:1)
  5 bats
  4 frilled lizards
  6 rats
45 creatures vanquished.

Notes
Turn   | Place    | Note
-------+----------+-------------------------------------------
     0 | D:1      | siradein the Vampire Necromancer began the quest for the
                  | Orb.
     0 | D:1      | Reached XP level 1. HP: 13/13 MP: 3/3
   252 | D:1      | Reached XP level 2. HP: 16/16 MP: 1/5
   549 | D:1      | Found a faded altar of an unknown god.
  1158 | D:2      | Reached skill level 1 in Unarmed Combat
  1218 | D:2      | Gained mutation: You are afflicted with vampirism and can
                  | become a bat while bloodless. [Vampire growth]
  1218 | D:2      | Reached XP level 3. HP: 6/20 MP: 0/6
  1252 | D:2      | Learned a level 3 spell: Vampiric Draining
  1707 | D:2      | Reached skill level 1 in Fighting
  2202 | D:3      | Noticed Grinder
  2519 | D:3      | Reached XP level 4. HP: 16/25 MP: 2/7
  3098 | D:4      | HP: 1/25 [gnoll (4)]
  3141 | D:4      | Reached skill level 5 in Necromancy
  3165 | D:4      | Slain by a gnoll

Illustrated notes

Levels and vault maps discovered:
D:1:      lightli_arrival_maybe_door_vault, layout_basic,
          hellmonk_ecumenical_altar_run_dry
D:2:      layout_rooms
D:3:      layout_basic, uniq_grinder
D:4:      layout_basic, ashenzari_altar_1, nicolae_overflow_hidden_temple

Skill      XL: |  1  2  3  4 |
---------------+-------------+-----
Unarmed Combat | 1 |  1.9
Fighting       | 1 |  1.5
Dodging        | 3 |  3.1
Necromancy     | 5 |  5.0
Stealth        | |  3.0
Spellcasting   | |  2.6

Action                   |  1- 3 |  4- 6 || total
-------------------------+-------+-------++-------
Melee: Unarmed           |    41 |     1 ||    42
       Bite              |     5 |     1 ||     6
 Cast: Pain              |    65 |    16 ||    81
       Vampiric Draining |     2 |     7 ||     9
 Abil: Exsanguinate      |     1 |       ||     1
Armor: Robe              |    10 |     1 ||    11
Dodge: Dodged            |    48 |    12 ||    60

Table legend: (Time is in decaauts)
 A = Elapsed time spent in this place.
 B = Non-inter-level travel time spent in this place.
 C = Inter-level travel time spent in this place.
 D = Time resting spent in this place.
 E = Time spent auto-exploring this place.
 F = Levels seen in this place.
 G = Mean time per level.
                   A        B        C        D        E       F      G
               +--------+--------+--------+--------+--------+-----+--------+
         Total |   3164 |   3086 |     78 |     87 |   2112 |   4 |  791.0 |
       Dungeon |   3164 |   3086 |     78 |     87 |   2112 |   4 |  791.0 |
               +--------+--------+--------+--------+--------+-----+--------+

Top non-repeatable levels by time:
     D:1: 1196 daAuts
     D:2: 938 daAuts
     D:3: 724 daAuts
     D:4: 304 daAuts
